 Dungeon Crawl Stone Soup version 0.30-a0-989-g0d87f670db (webtiles) character file.

Game seed: 6751290293664061487

19307 mandarbmax the Thaumaturge (level 12, -18/59 HPs)
             Began as a Deep Elf Fire Elementalist on Apr 3, 2023.
             Was an Elder of Hepliaklqana.
             Killed from afar by a fire dragon (57 damage)
             ... with a blast of flame
             ... in a volcano.
             The game lasted 00:48:21 (15684 turns).

mandarbmax the Thaumaturge (DEFE)                  Turns: 15684, Time: 00:48:22

Health: -18/59     AC: 12    Str:  5    XL:     12   Next: 35%
Magic:  7/31       EV: 11    Int: 32    God:    Hepliaklqana [****..]
Gold:   343        SH: 19    Dex: 15    Spells: 23/37 levels left

rFire   . . .      SeeInvis .    z - staff of earth
rCold   . . .      Faith    .    c - +5 kite shield "Ilawn" {Rampage rPois rC-}
rNeg    . . .      Spirit   .    u - +2 acid dragon scales
rPois   +          Reflect  +    t - +1 helmet
rElec   .          Rampage  +    (no cloak)
rCorr   +                        (no gloves)
Will    +....                    B - +0 pair of boots
Stlth   ++                       I - amulet of reflection
HPRegen 0.29/turn                l - +6 ring of intelligence
MPRegen 0.22/turn                v - +4 ring of slaying

@: no status effects
A: reduced essence, cold resistance 1, poison resistance
a: Renounce Religion, Recall Ancestor, Ancestor Identity, Transference, Idealise


You were in a volcano.
You worshipped Hepliaklqana.
Hepliaklqana was greatly pleased with you.
You visited 3 branches of the dungeon, and saw 13 of its levels.
You also visited: Sewer and Volcano.

You collected 695 gold pieces.
You spent 352 gold pieces at shops.

Inventory:

Hand Weapons
 m - a +2 whip of venom
Missiles
 E - a throwing net
Armour
 b - a +2 chain mail of fire resistance
 c - the +5 kite shield "Ilawn" (worn) {Rampage rPois rC-}
   (You acquired it on level 3 of the Dungeon)

   rC:        It makes you vulnerable to cold.
   rPois:     It protects you from poison.
   Rampage:   It bestows one free step when moving towards enemies.
 n - a +1 scale mail of fire resistance
 t - a +1 helmet (worn)
 u - +2 acid dragon scales (worn)
 B - a +0 pair of boots (worn)
Magical Staves
 z - a staff of earth (weapon)
Jewellery
 l - a +6 ring of intelligence (left hand)
 v - a +4 ring of slaying (right hand)
 I - an amulet of reflection (around neck)
Wands
 d - a wand of quicksilver (13)
 p - a wand of charming (10)
 H - a wand of flame (5)
Scrolls
 e - 3 scrolls of blinking
 f - 6 scrolls of teleportation
 j - 3 scrolls of enchant weapon
 A - 2 scrolls of poison
 D - a scroll of fear
 F - a scroll of summoning
 G - a scroll of vulnerability
Potions
 g - a potion of flight
 h - a potion of berserk rage
 i - 5 potions of curing
 k - 2 potions of invisibility
 o - 2 potions of lignification
 q - 5 potions of heal wounds
 r - 2 potions of mutation
 w - 3 potions of brilliance
 x - a potion of ambrosia
 C - 2 potions of haste
 J - 2 potions of attraction {unknown}


   Skills:
 - Level 4.0 Fighting
 - Level 4.0 Armour
 - Level 6.0 Dodging
 - Level 2.4 Stealth
 - Level 4.0 Shields
 + Level 13.0 Spellcasting
 + Level 10.5 Conjurations
 + Level 11.8 Hexes
 + Level 9.4 Fire Magic


You had 23 spell levels left.
You knew the following spells:

 Your Spells              Type           Power      Damage    Failure   Level
a - Foxfire               Conj/Fire      100%       2x1d6     1%          1
b - Scorch                Fire           100%       2d10      1%          2
c - Fulminant Prism       Conj/Hex       37%        3d17      1%          4
d - Flame Wave            Conj/Fire      71%        2d16      2%          4
e - Inner Flame           Hex/Fire       73%        N/A       1%          3

Your spell library contained the following spells:

 Spells                   Type           Power      Damage    Failure   Level
 Cause Fear               Hex            38%        N/A       1%          4
 Stone Arrow              Conj/Erth      100%       3d13      4%          3
 Kindle Blastsparks       Fire/Tloc/Air  80%        2d16      12%         3
 Sandblast                Erth           62%        2d14      14%         1
 Iskenderun's Mystic Bla  Conj/Tloc      53%        2d11      16%         4
 Passwall                 Tmut/Erth      25%        N/A       21%         2
 Silence                  Hex/Air        28%        N/A       32%         5
 Vhi's Electric Charge    Tloc/Air       40%        N/A       38%         3
 Arcjolt                  Conj/Air       26%        1d36      41%         5
 Passage of Golubria      Tloc           20%        N/A       80%         4
 Summon Lightning Spire   Summ/Air       20%        N/A       80%         4
 Alistair's Intoxication  Tmut/Pois      13%        N/A       98%         5
 Borgnjor's Vile Clutch   Necr/Erth      15%        N/A       98%         5
 Lee's Rapid Deconstruct  Erth           15%        3d10*     98%         5
 Eringya's Noxious Bog    Tmut/Pois      10%        N/A       100%        6
 Dragon Form              Tmut           10%        N/A       100%        7
 Storm Form               Tmut/Air       10%        N/A       100%        7
 Lehudib's Crystal Spear  Conj/Erth      35%        10d9      100%        8
 Maxwell's Capacitive Co  Air            10%        ∞         100%        8
 Dragon's Call            Summ           10%        N/A       100%        9


Dungeon Overview and Level Annotations

Branches:
Dungeon (11/15)            Temple (1/1) D:5            Lair (1/5) D:9
    Orc (0/2) D:9           Sewer (visited)         Volcano (1/1)

Altars:
Ashenzari
Cheibriados
Dithmenos
Elyvilon
Fedhas
Gozag
Hepliaklqana
Kikubaaqudgha
Makhleb
Nemelex Xobeh
Okawaru
Qazlal
Ru
Sif Muna
Trog
Uskayaw
Wu Jian
Xom
Yredelemnul
Zin
The Shining One

Shops:
D:3 :   D:8 !   D:11 **

Annotations:
Temple 2 transporters


Innate Abilities, Weirdness & Mutations

Your life essence is reduced to manifest your ancestor. (-10% HP)
Your flesh is cold resistant. (rC+)
Your system is resistant to poisons. (rPois)


Message History

Confirm with . or Enter, or press ? or * to list all spells.
Aiming: Fulminant Prism (dangerous; 1% risk of failure)
Press: ? - help, Dir - move target You conjure a prism of explosive energy!
A fulminant prism comes into view.
The fire dragon bites Henutemipet but does no damage.
The fire dragon claws Henutemipet but does no damage.
The fire dragon tramples Henutemipet but does no damage.
Your fulminant prism crackles loudly.
Henutemipet closely misses the fire dragon.
Okay, then.
Aiming: Iceblast
Press: ? - help, Shift-Dir - straight line, f - fire dragon
Aim: a fire dragon (heavily wounded, ally target) Henutemipet avoids your attack.
The mass of ice explodes!
The iceblast engulfs the fire dragon!
The fire dragon is frozen!
The fire dragon is severely wounded.
Henutemipet avoids your attack.
The now-empty wand crumbles to dust.
Henutemipet blocks the fire dragon's attack.
The fire dragon claws Henutemipet.
The fire dragon tramples Henutemipet!
Henutemipet holds her ground!
Your fulminant prism crackles loudly.
Your fulminant prism explodes!
The blast of energy engulfs the fire dragon!
The fire dragon is almost dead.
Unknown command.
Casting: Fulminant Prism (dangerous; 1% risk of failure)
Confirm with . or Enter, or press ? or * to list all spells.
Aiming: Fulminant Prism (dangerous; 1% risk of failure)
Press: ? - help, Dir - move target, p - fire dragon You conjure a prism of explosive energy!
A fulminant prism comes into view.
Henutemipet completely misses the fire dragon.
The fire dragon breathes flames at you.
The blast of flame hits Henutemipet!!
Henutemipet resists.
Henutemipet is destroyed!
The blast of flame hits you!!!
Ouch! That really hurt!
You die...

♣≈§§§§§§≈P.P.§§≈≈§≈
≈≈§≈§§≈♣♣...§§§§≈≈♣♣♣♣♣§
≈≈≈≈≈≈♣♣...§§≈§§○♣♣.....
≈≈≈≈≈§♣...♣§§≈≈≈≈♣...)[♣
≈≈≈≈≈♣♣...≈≈≈§°§.....♣.$
♣≈≈≈≈♣..♣.≈§≈§≈*.)*.P.$.
P≈°≈≈♣♣...≈§§≈§♣D......!
.≈≈≈§♣...♣≈≈§§♣♣§♣♣....P
♣♣≈≈≈♣..P..≈≈≈♣P@♣♣ .).
.♣♣≈§♣♣...♣.≈.....♣ ♣
..≈≈≈≈♣♣..P.♣...♣P♣
.♣§≈§≈≈♣♣..P...≈♣♣♣
P.§♣≈≈≈§≈P..§P≈≈§♣
..P♣♣○≈§≈≈P.♣≈≈≈§♣
....♣≈≈≈≈≈≈≈≈§§≈§≈§§
.♣..♣≈○°≈≈≈..♣####§§
...♣♣≈≈≈≈≈... #≈≈


You could see a fire dragon (catching breath, ally target) and 2 friendly
fulminant prisms.

Vanquished Creatures
  7 two-headed ogres
  A cyclops (D:11)
  2 salamanders (Volcano)
  Joseph (Lair:1)
  6 komodo dragons
  An unseen horror (D:11)
  2 kobold demonologists
  7 wyverns
  7 yaks
  2 fire bats (Volcano)
  3 vampire mosquitoes (D:11)
  5 steam dragons
  Menkaure (D:7)
  2 acid dragons
  A water moccasin (D:9)
  4 orc warriors
  A sky beast (D:7)
  2 black bears
  2 ice beasts
  4 ogres
  2 centaurs
  A phantom (D:6)
  12 kobold brigands
  5 bullfrogs
  A gnoll sergeant (D:9)
  11 wights
  2 killer bees (D:7)
  A howler monkey (D:5)
  4 jellies
  8 orc priests
  3 hounds (D:5)
  2 sleepcaps (D:5)
  4 iguanas
  5 orc wizards
  10 gnolls
  3 river rats
  18 adders
  2 shadow imps (D:4)
  3 ufetubi (D:4)
  12 worms
  29 orcs
  11 ball pythons
  10 bats
  16 endoplasms
  2 giant cockroaches (D:1)
  6 goblins
  7 hobgoblins
  5 jackals
  7 quokkas
  5 frilled lizards
  24 kobolds
  7 rats
  A foxfire (D:11)
  A fulminant prism (D:11)
301 creatures vanquished.

Vanquished Creatures (collateral kills)
  3 two-headed ogres
  A salamander (Volcano)
  Maggie (D:6)
  A komodo dragon (Volcano)
  A wraith (D:9)
  3 steam dragons
  An ice beast (D:8)
  An ogre (Volcano)
  2 killer bees (D:7)
  A hound (D:6)
  An iguana (D:7)
  5 orc wizards
  9 orcs
  4 kobolds
  11 foxfires
45 creatures vanquished.

Vanquished Creatures (others)
  5 knights
  An ancestor (D:6)
  A demonic plant (D:4)
  993 foxfires
  44 fulminant prisms
  92 plants
1136 creatures vanquished.

Grand Total: 1482 creatures vanquished

Notes
Turn   | Place    | Note
-------+----------+-------------------------------------------
     0 | D:1      | mandarbmax the Deep Elf Fire Elementalist began the quest
                  | for the Orb.
     0 | D:1      | Reached XP level 1. HP: 10/10 MP: 6/6
   134 | D:1      | Reached XP level 2. HP: 15/15 MP: 4/8
   566 | D:1      | Reached XP level 3. HP: 19/19 MP: 2/10
  1270 | D:1      | Learned a level 2 spell: Scorch
  1364 | D:2      | Reached skill level 4 in Spellcasting
  1462 | D:2      | Reached XP level 4. HP: 24/24 MP: 6/12
  2245 | D:2      | Reached skill level 5 in Spellcasting
  2713 | D:3      | Learned a level 4 spell: Fulminant Prism
  3056 | D:3      | Found Waheurph's Book Emporium.
  3060 | D:3      | Reached XP level 5. HP: 28/28 MP: 10/14
  3247 | D:3      | Reached skill level 1 in Hexes
  3247 | D:3      | Gained mutation: Your system is resistant to poisons.
                  | (rPois) [potion of mutation]
  3247 | D:3      | Gained mutation: Your flesh is cold resistant. (rC+)
                  | [potion of mutation]
  3401 | D:3      | Identified a scroll of acquirement
  3401 | D:3      | Acquired the +5 kite shield "Ilawn" {Rampage rPois rC-}
  3820 | D:4      | Reached XP level 6. HP: 31/32 MP: 4/16
  3966 | D:4      | Reached skill level 6 in Spellcasting
  3985 | D:4      | Found a glowing drain.
  3993 | Sewer    | Entered a sewer
  4189 | Sewer    | Reached skill level 1 in Shields
  4621 | Sewer    | Reached XP level 7. HP: 36/36 MP: 2/18
  5099 | Sewer    | Reached skill level 7 in Spellcasting
  5526 | D:4      | Reached skill level 5 in Conjurations
  5960 | D:5      | Entered Level 5 of the Dungeon
  6069 | D:5      | Found a staircase to the Ecumenical Temple.
  6078 | Temple   | Entered the Ecumenical Temple
  6078 | Temple   | Found a transporter.
  6078 | Temple   | Found a transporter.
  6080 | Temple   | Found a transporter.
  6080 | Temple   | Found a transporter.
  6094 | Temple   | Became a worshipper of Hepliaklqana the Forgotten
  6546 | D:5      | Reached XP level 8. HP: 41/41 MP: 14/21
  6649 | D:5      | Reached skill level 5 in Hexes
  6674 | D:5      | Found a snail-covered altar of Cheibriados.
  7040 | D:5      | Reached * piety under Hepliaklqana
  7475 | D:6      | Reached skill level 8 in Spellcasting
  7888 | D:6      | Learned a level 4 spell: Flame Wave
  7892 | D:6      | Learned a level 3 spell: Inner Flame
  8159 | D:6      | Reached ** piety under Hepliaklqana
  8160 | D:6      | Remembered your ancestor Henutemipet as a knight
  8185 | D:6      | Noticed Maggie
  8198 | D:6      | Killed Maggie
  8199 | D:6      | Reached XP level 9. HP: 40/40 MP: 6/23
  8903 | D:7      | Reached skill level 9 in Spellcasting
  8925 | D:7      | Identified the +8 quarterstaff "Etutyr" {drain, Int+3
                  | Dex+2}
  8927 | D:7      | Reached skill level 1 in Fighting
  8927 | D:7      | Reached skill level 1 in Armour
  8942 | D:7      | Found a sparkling altar of Nemelex Xobeh.
  9071 | D:7      | Found an iron altar of Okawaru.
  9075 | D:7      | Found a glowing silver altar of Zin.
  9127 | D:7      | Reached skill level 5 in Fire Magic
  9495 | D:7      | Noticed Menkaure
  9774 | D:7      | Killed Menkaure
 10407 | D:8      | Reached XP level 10. HP: 45/47 MP: 20/25
 10648 | D:8      | Found Ogifed's Distillery.
 10654 | D:8      | Reached *** piety under Hepliaklqana
 10656 | D:8      | Bought a potion of heal wounds for 55 gold pieces
 10656 | D:8      | Bought a potion of brilliance for 44 gold pieces
 10656 | D:8      | Bought a potion of lignification for 33 gold pieces
 10656 | D:8      | Bought 2 potions of haste for 220 gold pieces
 10736 | D:8      | Found a stormy altar of Qazlal.
 10922 | D:9      | Noticed a two-headed ogre
 10930 | D:9      | Killed a two-headed ogre
 10931 | D:9      | Reached skill level 5 in Dodging
 10931 | D:9      | Found a staircase to the Lair.
 10940 | D:9      | Reached skill level 10 in Spellcasting
 11220 | D:9      | Found a staircase to the Orcish Mines.
 11224 | D:9      | You fall into a shaft and drop 1 floor!
 11224 | D:10     | Entered Level 10 of the Dungeon
 11542 | D:9      | Found a basalt altar of Yredelemnul.
 11630 | D:9      | Found a white marble altar of Elyvilon.
 11704 | D:9      | Noticed a two-headed ogre
 11710 | D:9      | Killed a two-headed ogre
 12600 | D:10     | Reached **** piety under Hepliaklqana
 12823 | D:10     | Reached XP level 11. HP: 54/54 MP: 10/27
 13273 | D:11     | Noticed a two-headed ogre
 13279 | D:11     | Killed a two-headed ogre
 13524 | D:11     | Reached skill level 11 in Spellcasting
 13734 | D:11     | Found Jeegaah's General Store.
 13735 | D:11     | Found Weraxoph's Specific Store.
 13820 | D:11     | Noticed a two-headed ogre
 13828 | D:11     | Killed a two-headed ogre
 13829 | D:11     | Reached skill level 10 in Hexes
 14130 | D:11     | Noticed a two-headed ogre
 14134 | D:11     | Killed a two-headed ogre
 14196 | D:11     | Noticed a two-headed ogre
 14406 | D:11     | Killed a two-headed ogre
 14545 | Lair:1   | Entered Level 1 of the Lair of Beasts
 14545 | Lair:1   | Noticed Joseph
 14550 | Lair:1   | Killed Joseph
 14600 | Lair:1   | Reached skill level 12 in Spellcasting
 14716 | Lair:1   | Found a dark tunnel.
 14725 | Volcano  | Entered a volcano
 14727 | Volcano  | Noticed a two-headed ogre
 14747 | Volcano  | Killed a two-headed ogre
 14809 | Volcano  | Noticed a two-headed ogre
 14819 | Volcano  | Reached XP level 12. HP: 52/59 MP: 12/30
 14823 | Volcano  | Reached skill level 10 in Conjurations
 14834 | Volcano  | Killed a two-headed ogre
 15030 | Volcano  | Noticed a two-headed ogre
 15036 | Volcano  | Killed a two-headed ogre
 15540 | Volcano  | Noticed a two-headed ogre
 15541 | Volcano  | Noticed a fire dragon
 15546 | Volcano  | Killed a two-headed ogre
 15547 | Volcano  | Reached skill level 13 in Spellcasting
 15684 | Volcano  | Killed from afar by a fire dragon

Illustrated notes

Levels and vault maps discovered:
D:1:      noname_arrival_rooms_in_the_neighbourhood, layout_rooms,
          minmay_hedge_maze
D:2:      cheibrodos_old_hovel, layout_basic, st_stairs_2
D:3:      layout_basic, serial_shops, shop, minmay_misc_feat_five
D:4:      layout_basic, lightli_sewer_entry_pipes, serial_demonic,
          serial_demonic_e, serial_demonic_f, serial_demonic_d,
          serial_demonic_c, grunt_decor_arrowhead
D:5:      layout_gridville, cheibriados_altar_1, minmay_temple_entry_junction
D:6:      layout_basic, st_stairs_5, uniq_maggie
D:7:      layout_loops_ring, grunt_temple_overflow_diamond, uniq_menkaure
D:8:      layout_cave_pools, nicolae_qazlal_eye_of_the_storm, serial_shops, shop
D:9:      layout_roguey, kennysheep_ying_yang, david_lair_shrubbed,
          chequers_mini_garden
D:10:     layout_cave_pods
D:11:     layout_basic, nicolae_specific_store
Temple:   hellmonk_temple_divided_pantheon
Lair:1:   layout_cave_pods, nicolae_volcano_entry_hallway, uniq_joseph
Volcano:  pf_volcano_lost_world

Skill      XL: |  1  2  3  4  5  6  7  8  9 10 11 12 |
---------------+-------------------------------------+-----
Conjurations   | 2 3 4 5 6 7 8 9 10 | 10.5
Spellcasting   | 4 5 6 7 8 9 10 12 13 | 13.0
Fire Magic     | 4 5 6 8 9 |  9.4
Hexes          | 2 3 4 6 7 9 11 | 11.8
Shields        | 1 2 3 4 |  4.0
Dodging        | 4 6 |  6.0
Fighting       | 2 3 4 |  4.0
Armour         | 2 3 4 |  4.0
Stealth        | |  2.4

Action                     |  1- 3 |  4- 6 |  7- 9 | 10-12 || total
---------------------------+-------+-------+-------+-------++-------
  Melee: Whip              |       |     1 |    15 |       ||    16
         Staff             |       |       |       |     1 ||     1
   Cast: Foxfire           |    86 |   203 |   220 |    85 ||   594
         Scorch            |       |    16 |    49 |    53 ||   118
         Fulminant Prism   |       |       |     4 |    43 ||    47
         Inner Flame       |       |       |    26 |    77 ||   103
         Flame Wave        |       |       |       |     1 ||     1
 Invoke: Ancestor Life: Kn |       |       |     1 |       ||     1
         Recall Ancestor   |       |       |     2 |     3 ||     5
         Transference      |       |       |       |     1 ||     1
  Evoke: Wand              |       |       |       |     2 ||     2
    Use: Scroll            |       |     5 |     2 |    13 ||    20
         Potion            |       |     2 |     4 |     2 ||     8
 Armour: Robe              |     4 |     1 |     2 |       ||     7
         Acid dragon scale |       |       |     5 |     5 ||    10
  Dodge: Dodged            |     8 |     5 |    10 |    10 ||    33
  Block: Kite shield       |       |     8 |    36 |    25 ||    69
         Reflection        |       |       |       |     6 ||     6

Table legend: (Time is in decaauts)
 A = Elapsed time spent in this place.
 B = Non-inter-level travel time spent in this place.
 C = Inter-level travel time spent in this place.
 D = Time resting spent in this place.
 E = Time spent auto-exploring this place.
 F = Levels seen in this place.
 G = Mean time per level.
                   A        B        C        D        E       F      G
               +--------+--------+--------+--------+--------+-----+--------+
         Total |  15880 |  15220 |    660 |    738 |  12141 |  15 | 1058.7 |
       Dungeon |  13341 |  12681 |    660 |    629 |  10275 |  11 | 1212.8 |
        Temple |     31 |     31 |      0 |      0 |      0 |   1 |   31.0 |
          Lair |    179 |    179 |      0 |      0 |    144 |   1 |  179.0 |
         Sewer |   1368 |   1368 |      0 |      0 |   1147 |   1 | 1368.0 |
       Volcano |    959 |    959 |      0 |    109 |    574 |   1 |  959.0 |
               +--------+--------+--------+--------+--------+-----+--------+

Top non-repeatable levels by time:
     D:6: 1734 daAuts
     D:2: 1496 daAuts
    D:11: 1402 daAuts
     D:7: 1390 daAuts
   Sewer: 1368 daAuts
     D:1: 1295 daAuts
    D:10: 1256 daAuts
     D:5: 1128 daAuts
     D:3: 993 daAuts
     D:4: 984 daAuts
     D:9: 969 daAuts
 Volcano: 959 daAuts
     D:8: 689 daAuts
  Lair:1: 179 daAuts
  Temple: 31 daAuts
